 Dungeon Crawl Stone Soup version 0.31-a0-1591-g515db51633 (webtiles) character file.

Game seed: 10525561723366206970

396 bjtr the Conjurer (level 6, -2/32 HPs)
             Began as a Deep Elf Conjurer on Jan 6, 2024.
             Slain by a gnoll sergeant
             ... wielding a +4 spear of venom
              (7 damage)
             ... on level 4 of the Dungeon.
             The game lasted 00:12:58 (2840 turns).

bjtr the Conjurer (Deep Elf Conjurer)               Turns: 2840, Time: 00:13:00

Health: -2/32      AC:  4    Str:  4    XL:     6   Next: 52%
Magic:  9/16       EV: 13    Int: 28    God:
Gold:   220        SH:  0    Dex: 15    Spells: 13/16 levels left

rFire   . . .        a - +11 dagger of Kabraodo {flame, Int+3 Dex+2}
rCold   . . .        (no shield)
rNeg    . . .        p - +0 robe
rPois   +            y - +0 helmet
rElec   .            C - +0 cloak
rCorr   +            (no gloves)
SInv    .            (no boots)
Will    .....        (no amulet)
Stlth   +++          i - ring of poison resistance
HPRegen 0.25/turn    v - ring of resist corrosion
MPRegen 0.15/turn

%: no passive effects
@: no status effects
A: no striking features
a: no special abilities


You were on level 4 of the Dungeon.
You visited 1 branch of the dungeon, and saw 4 of its levels.
You also visited: Sewer.

You collected 220 gold pieces.

Inventory:

Hand Weapons
 a - the +11 dagger of Kabraodo (weapon) {flame, Int+3 Dex+2}
   (You found it on level 2 of the Dungeon)

   Int+3:     It affects your intelligence (+3).
   Dex+2:     It affects your dexterity (+2).
 d - a +1 whip
 g - a +0 dagger
 u - a +0 trident
 z - a +2 dagger of speed
 B - a +2 quarterstaff of chaos
Missiles
 h - 6 poisoned darts
 m - a throwing net
 r - 6 silver javelins
Armour
 e - a +0 leather armour
 p - a +0 robe (worn)
 y - a +0 helmet (worn)
 C - a +0 cloak (worn)
Jewellery
 i - a ring of poison resistance (left hand)
 v - a ring of resist corrosion (right hand)
Talismans
 c - a beast talisman
Scrolls
 t - a scroll of enchant weapon
 x - a scroll of teleportation
Potions
 b - a potion of magic
 f - a potion of degeneration
 j - a potion of heal wounds
 l - a potion of enlightenment
 n - a potion of ambrosia
 o - a potion of lignification {unknown}
 q - a potion of might {unknown}
 A - a potion of curing {unknown}


   Skills:
 + Level 0.3 Fighting
 * Level 2.0 Short Blades
 + Level 2.8 Dodging
 + Level 3.7 Stealth
 * Level 5.7 Spellcasting
 * Level 6.5 Conjurations


You had 13 spell levels left.
You knew the following spells:

 Your Spells              Type           Power      Damage    Failure   Level
a - Magic Dart            Conj           100%       1d8       1%          1
b - Searing Ray           Conj           88%        2d7       1%          2

Your spell library contained the following spells:

 Spells                   Type           Power      Damage    Failure   Level
 Sting                    Conj/Alch      100%       1d9       1%          1
 Mercury Vapours          Alch/Air       16%        N/A       10%         2
 Fulminant Prism          Conj/Alch      13%        3d8       16%         4
 Iskenderun's Mystic Bla  Conj/Tloc      26%        2d7       16%         4
 Tukima's Dance           Hex            8%         N/A       19%         3
 Dimensional Bullseye     Hex/Tloc       4%         N/A       52%         4
 Olgreb's Toxic Radiance  Alch           8%         N/A       52%         4


Dungeon Overview and Level Annotations

Branches:
Dungeon (4/15)              Sewer (visited)
 Temple: D:4-7

Altars:
Xom


Message History

Casting: Magic Dart (safe; 1% risk of failure)
Confirm with . or Enter, or press ? or * to list all spells.
Aiming: Searing Ray (safe; 1% risk of failure)
Press: ? - help, Shift-Dir - straight line, f - iguana
Aim: an iguana (84% to hit)
The searing ray hits the gnoll sergeant!
The gnoll sergeant is heavily wounded.
The searing ray hits the iguana.
The iguana is moderately wounded. (Press . to maintain the ray.)
The gnoll sergeant barely misses you.
The searing ray hits the gnoll sergeant.
The gnoll sergeant is heavily wounded.
The searing ray hits the iguana!
You kill the iguana!
The gnoll sergeant hits you from afar with a +4 spear of venom.
The searing ray hits the gnoll sergeant but does no damage.
The gnoll sergeant is heavily wounded.
The searing ray hits the scorpion!
The scorpion is severely wounded.
The gnoll sergeant hits you from afar with a +4 spear of venom!
* * * LOW HITPOINT WARNING * * *
The searing ray hits the gnoll sergeant!
The gnoll sergeant is almost dead.
The searing ray hits the scorpion!
You kill the scorpion!
You finish channelling your searing ray.
The gnoll sergeant hits you from afar with a +4 spear of venom.
* * * LOW HITPOINT WARNING * * *
Your Short Blades skill increases to level 2!
Unknown command.
Casting: Searing Ray (safe; 1% risk of failure)
Confirm with . or Enter, or press ? or * to list all spells.
Aiming: Searing Ray (safe; 1% risk of failure)
Press: ? - help, Shift-Dir - straight line, f - gnoll sergeant
Aim: a gnoll sergeant, wielding a +4 spear of venom and wearing a +0 ring mail (almost dead, 87% to hit)
The searing ray misses the gnoll sergeant. (Press . to maintain the ray.)
The gnoll sergeant hits you from afar with a +4 spear of venom!
You die...

#...###.g. ##
...
#....##s##....#
##..#.#.#.#..#
#....s#.....#
##.##.#..##.#
###.##.).....#
#....s.#####.#
#........# #.#
#......#.###@#
#........†g..#
#.#.#..#.#####
........#.#
##.####.#.# #.
....# # #####


You could see a gnoll sergeant.

Vanquished Creatures
  A scorpion (D:4)
  A bombardier beetle (D:3)
  Crazy Yiuf (D:3)
  An orc priest (D:3)
  An orc wizard (D:3)
  An iguana (D:4)
  A hell rat (Sewer)
  Robin (D:3)
  3 river rats
  5 adders
  3 dart slugs
  5 orcs
  4 bats
  6 endoplasms
  4 giant cockroaches
  11 goblins
  10 hobgoblins
  3 kobolds
  A quokka (D:2)
  3 ball pythons
  3 frilled lizards
  13 rats
82 creatures vanquished.

Notes
Turn   | Place    | Note
-------+----------+-------------------------------------------
     0 | D:1      | bjtr the Deep Elf Conjurer began the quest for the Orb.
     0 | D:1      | Reached XP level 1. HP: 10/10 MP: 6/6
   279 | D:1      | Reached XP level 2. HP: 15/15 MP: 6/8
   538 | D:1      | Reached skill level 5 in Conjurations
   712 | D:2      | Learned a level 2 spell: Searing Ray
   840 | D:2      | Reached XP level 3. HP: 19/19 MP: 6/10
  1023 | D:2      | Found a shimmering altar of Xom.
  1272 | D:2      | Identified the +11 dagger of Kabraodo {flame, Int+3 Dex+2}
  1301 | D:2      | Reached XP level 4. HP: 24/24 MP: 9/11
  1589 | D:3      | Reached skill level 6 in Conjurations
  1630 | D:3      | Reached XP level 5. HP: 28/28 MP: 9/13
  1869 | D:3      | Found a glowing drain.
  1873 | Sewer    | Entered a sewer
  2159 | D:3      | Reached skill level 5 in Spellcasting
  2163 | D:3      | Reached skill level 1 in Short Blades
  2335 | D:3      | Noticed Robin
  2339 | D:3      | Reached XP level 6. HP: 28/32 MP: 11/15
  2341 | D:3      | Killed Robin
  2573 | D:3      | Found a faded altar of an unknown god.
  2598 | D:3      | Found a runed translucent door.
  2599 | D:3      | Noticed Crazy Yiuf
  2607 | D:3      | Killed Crazy Yiuf
  2840 | D:4      | Slain by a gnoll sergeant

Illustrated notes

Levels and vault maps discovered:
D:1:      nzn_arrival_depleted_hourglass, layout_rooms
D:2:      layout_basic, basic_altar, minmay_pentomino_w4
D:3:      layout_loops_ring, mainiacjoe_sewer_entry_somewhere_in_here_2,
          chequers_ecumenical_altar_simple_redux, kennysheep_flooded_box,
          minmay_randomly_rotated_circles, uniq_robin, uniq_crazy_yiuf_cottage
D:4:      layout_loops_corners, minmay_manual_monstrance

Skill      XL: |  1  2  3  4  5  6 |
---------------+-------------------+-----
Conjurations   | 5 6 |  6.5
Spellcasting   | 4 5 |  5.7
Stealth        | 3 |  3.7
Short Blades   | 1 2 |  2.0
Fighting       | |  0.3
Dodging        | |  2.8

Action                     |  1- 3 |  4- 6 || total
---------------------------+-------+-------++-------
  Melee: Dagger            |     1 |    63 ||    64
   Cast: Magic Dart        |    57 |    21 ||    78
         Searing Ray       |       |     4 ||     4
    Use: Scroll            |       |     9 ||     9
   Stab: Sleeping          |       |     5 ||     5
 Armour: Robe              |     4 |    40 ||    44
  Dodge: Dodged            |       |    36 ||    36

Table legend: (Time is in decaauts)
 A = Elapsed time spent in this place.
 B = Non-inter-level travel time spent in this place.
 C = Inter-level travel time spent in this place.
 D = Time resting spent in this place.
 E = Time spent auto-exploring this place.
 F = Levels seen in this place.
 G = Mean time per level.
                   A        B        C        D        E       F      G
               +--------+--------+--------+--------+--------+-----+--------+
         Total |   2864 |   2743 |    121 |     29 |   2037 |   5 |  572.8 |
       Dungeon |   2683 |   2562 |    121 |     29 |   1926 |   4 |  670.8 |
         Sewer |    180 |    180 |      0 |      0 |    110 |   1 |  180.0 |
               +--------+--------+--------+--------+--------+-----+--------+

Top non-repeatable levels by time:
     D:3: 1067 daAuts
     D:2: 864 daAuts
     D:1: 707 daAuts
   Sewer: 180 daAuts
     D:4: 44 daAuts
